 Dungeon Crawl Stone Soup version 0.24.0-1-gfbc8707 (webtiles) character file.

Game seed: 14478126638341933320, levelgen mode: deterministic

29734 Ayyar the Basher (level 13, -1/113 HPs)
             Began as a Minotaur Fighter on Oct 29, 2019.
             Was a High Priest of Makhleb.
             Slain by an orc warrior
             ... wielding a +0 glaive
             ... led by an orc warlord
              (5 damage)
             ... while paralysed by an orc sorcerer
             ... on level 2 of the Orcish Mines on Oct 31, 2019.
             The game lasted 01:51:58 (14025 turns).

Ayyar the Basher (Minotaur Fighter)                Turns: 14025, Time: 01:51:59

Health: -1/113     AC: 22    Str: 36    XL:     13   Next: 16%
Magic:  0/17       EV:  2    Int:  5    God:    Makhleb [*****.]
Gold:   450        SH:  0    Dex: 13    Spells: 12/12 levels left

rFire    . . .     SeeInvis .   P - +0 demon whip "Qotsue" {slash, +Inv Dex+3}
rCold    . . .     Gourm    .   c - +0 shield
rNeg     . . .     Faith    .   b - +1 plate armour {rPois}
rPois    +         Spirit   +   J - +2 hat
rElec    .         Reflect  .   H - +0 cloak
rCorr    .         Harm     .   s - +2 pair of gloves
MR       .....                  (no boots)
Stlth    ..........             r - amulet of guardian spirit
HPRegen  0.28/turn              m - +4 ring of strength
MPRegen  0.15/turn              N - +6 ring of strength

@: paralysed, weakened, drained
A: retaliatory headbutt, horns 2
a: Minor Destruction, Lesser Servant of Makhleb, Major Destruction, Greater
Servant of Makhleb, Renounce Religion, Evoke Invisibility


You were on level 2 of the Orcish Mines.
You worshipped Makhleb.
Makhleb was extremely pleased with you.
You were not hungry.

You visited 4 branches of the dungeon, and saw 17 of its levels.
You also visited: Ossuary.

You collected 1150 gold pieces.
You spent 700 gold pieces at shops.

Inventory:

Hand Weapons
 d - a +1 flail of crushing
 P - the +0 demon whip "Qotsue" (weapon) {slash, +Inv Dex+3}
   (You bought it in a shop on level 2 of the Orcish Mines)

   It inflicts extra damage upon your enemies.
   It affects your dexterity (+3).
   It lets you turn invisible.
Missiles
 F - 16 boomerangs (quivered)
 T - 7 silver boomerangs
Armour
 b - a +1 plate armour of poison resistance (worn)
 c - a +0 shield (worn)
 s - a +2 pair of gloves (worn)
 H - a +0 cloak (worn)
 J - a +2 hat (worn)
Jewellery
 j - an uncursed ring of wizardry
 m - a +4 ring of strength (left hand)
 r - an amulet of guardian spirit (around neck)
 x - a +4 ring of dexterity
 N - a +6 ring of strength (right hand)
 Q - an uncursed ring of see invisible
Wands
 y - a wand of enslavement (10)
 K - a wand of flame (24)
 L - a wand of polymorph (5)
 M - a wand of scattershot (3)
Scrolls
 e - 5 scrolls of enchant armour
 g - a scroll of vulnerability {unknown}
 i - 3 scrolls of teleportation
 l - 3 scrolls of identify
 n - 2 scrolls of immolation
 p - 3 scrolls of remove curse
 t - a scroll of enchant weapon {unknown}
 u - 2 scrolls of blinking
 w - a scroll of fog {unknown}
 z - 3 scrolls of amnesia
 C - a scroll of fear {unknown}
Potions
 a - 2 potions of resistance
 h - 3 potions of brilliance
 k - 4 potions of curing
 o - 3 potions of agility
 q - 4 potions of flight
 v - 8 potions of lignification
 A - a potion of haste
 B - 3 potions of might
 D - a potion of berserk rage {unknown}
 E - a potion of mutation {unknown}
 G - a potion of ambrosia {unknown}
 I - a potion of degeneration {unknown}
 O - a potion of invisibility {unknown}
Miscellaneous
 R - a sack of spiders
Comestibles
 f - 14 rations
 S - 17 chunks of flesh


   Skills:
 + Level 10.0(9.2) Fighting
 - Level 14.0(13.1) Maces & Flails
 + Level 6.8(6.1) Throwing
 + Level 10.3(9.5) Armour
 + Level 7.0(6.3) Dodging
 - Level 1.1(0.5) Stealth
 * Level 11.5(10.7) Shields
 - Level 7.0(6.3) Invocations
 - Level 4.0(3.3) Evocations


You had 12 spell levels left.
You didn't know any spells.
Your spell library contained the following spells:

 Spells                   Type           Power        Failure   Level  Hunger
 Animate Skeleton         Necr           N/A          99%         1    ##.....
 Corona                   Hex            #......      99%         1    ##.....
 Pain                     Necr           #...         99%         1    ##.....
 Ensorcelled Hibernation  Hex/Ice        #.....       100%        2    ###....
 Confuse                  Hex            #.......     100%        3    ####...
 Dazzling Spray           Conj/Hex       #.....       100%        3    ####...
 Regeneration             Chrm/Necr      #.........   100%        3    ####...
 Tukima's Dance           Hex            #.......     100%        3    ####...
 Vampiric Draining        Necr           #.........   100%        3    ####...
 Animate Dead             Necr           N/A          100%        4    #####..


Dungeon Overview and Level Annotations

Branches:
Dungeon (13/15)            Temple (1/1) D:5            Lair (1/6) D:11
    Orc (2/2) D:11        Ossuary (visited)
    Elf: Orc:2       Vaults: D:13-14

Altars:
Ashenzari
Cheibriados
Dithmenos
Elyvilon
Fedhas
Gozag
Hepliaklqana
Kikubaaqudgha
Makhleb
Nemelex Xobeh
Okawaru
Qazlal
Ru
Sif Muna
Trog
Vehumet
Wu Jian
Xom
Yredelemnul
Zin
The Shining One
Beogh
Jiyva

Shops:
D:4 }   D:8 =   D:9 *   D:12 ?   Orc:2 ?(*

Annotations:
D:10 1 runed translucent door, spsoon's ghost, journeyman MfIE
D:13 OceanMan's ghost, journeyman MiFi
Orc:1 3 runed translucent doors, edsrzf's ghost, journeyman OgCj


Innate Abilities, Weirdness & Mutations

You reflexively headbutt those who attack you in melee.
You have a pair of horns on your head.


Message History

The orc priest casts a cantrip, but nothing happens.
The orc priest calls down the wrath of Beogh upon you.
Beogh smites you!
* * * LOW HITPOINT WARNING * * *
The orc sorcerer casts a spell.
The orc warrior hits you from afar with a +0 glaive!
* * * LOW HITPOINT WARNING * * *
The orc high priest hits you but does no damage.
The orange demon stings you.
* * * LOW HITPOINT WARNING * * *
The orange demon hits you.
* * * LOW HITPOINT WARNING * * *
You feel your attacks grow feeble.
The orc warrior hits you but does no damage.
The orc sorcerer gestures wildly while chanting.
The orange demon barely misses you. The orange demon hits you.
* * * LOW HITPOINT WARNING * * *
The orc warrior hits you but does no damage.
The orc warrior hits you from afar with a +0 glaive.
You die...

#.#.._..#...## #8...8#
#......
#.##...##....###.)o..###.
#..#####.......##oo'##...
#.........5#......o......
########.5.##...o8o8.....
##.##...4o........
##ยง###oooo........
#...#.4.o.........
##.#..o@..........
####.............
##....#........
#..............
##..#..........
#...........##
#...........#
............#
##...........#


You could see an orc high priest, an orange demon, 3 orc sorcerers, a red devil,
7 orc warriors and 2 orc priests.

Vanquished Creatures
  Gastronok (D:9)
  A stone giant (Orc:2)
  A hydra (D:13)
  A centaur warrior (D:13)
  A tengu warrior (D:11)
  The ghost of dipablo the Basher, a novice MiFi of Okawaru (D:8)
  3 two-headed ogres
  An orc high priest (Orc:2)
  An unseen horror (D:12)
  3 ugly things
  A cyclops (D:10)
  A gargoyle (D:13)
  A centaur zombie (D:10)
  4 hornets
  3 trolls
  2 slime creatures
  8 hippogriffs
  A spriggan (D:7)
  2 wraiths
  A vampire (D:10)
  Grum (D:11)
  2 hungry ghosts
  3 vampire mosquitoes (D:13)
  2 steam dragons
  13 yaks
  Menkaure (D:4)
  A warg (Orc:1)
  Edmund (D:4)
  A water moccasin (Lair:1)
  18 orc warriors
  3 ice beasts
  3 necrophages
  3 black bears
  A phantom (D:7)
  9 ogres
  4 wolves (D:11)
  13 centaurs
  3 crocodiles
  2 big kobolds
  7 bullfrogs
  4 water moccasin zombies (Ossuary)
  8 scorpions
  14 killer bees
  5 wights (D:6)
  14 howler monkeys
  An electric eel (D:7)
  4 crimson imps
  2 bullfrog zombies (D:10)
  11 orc priests
  6 jellies
  9 hounds
  26 orc wizards
  3 bullfrog skeletons
  2 centaur skeletons
  8 iguanas
  14 worker ants
  4 big kobold zombies (Ossuary)
  A howler monkey zombie (D:7)
  4 mummies
  2 hound skeletons
  A worker ant zombie (D:7)
  Robin (D:3)
  13 gnolls
  A howler monkey skeleton (D:7)
  9 adders
  2 shadow imps
  An ooze (D:2)
  An adder skeleton (D:7)
  3 adder zombies
  4 worms
  2 dart slugs
  5 leopard geckos
  68 orcs
  3 ball pythons
  2 bats
  4 gnoll zombies (Ossuary)
  6 hobgoblins
  8 jackals
  14 kobolds
  6 quokkas
  10 frilled lizards
  A giant cockroach zombie (D:5)
  16 goblins
  8 hobgoblin zombies
  7 kobold zombies
  A leopard gecko skeleton (D:5)
  2 orc zombies (Ossuary)
  A quokka zombie (D:6)
  10 rats
481 creatures vanquished.

Vanquished Creatures (collateral kills)
  An entropy weaver (D:11)
  A slime creature (D:8)
  An unseen horror (D:11)
  2 yaks (D:9)
  2 hungry ghosts (D:8)
  An ice beast (D:11)
  2 orc warriors
  A black bear (D:11)
  A bullfrog (D:11)
  A scorpion (D:12)
  2 howler monkeys (D:10)
  A jelly (D:8)
  2 gnolls (D:8)
  10 orcs
  A kobold (D:8)
  A fungus (D:11)
30 creatures vanquished.

Vanquished Creatures (others)
  An orc (Orc:2)
  A kobold (D:9)
  20 fungi (D:11)
  8 plants (D:11)
30 creatures vanquished.

Grand Total: 541 creatures vanquished

Notes
Turn   | Place    | Note
-------+----------+-------------------------------------------
     0 | D:1      | Ayyar the Minotaur Fighter began the quest for the Orb.
     0 | D:1      | Reached XP level 1. HP: 19/19 MP: 0/0
    80 | D:1      | Reached XP level 2. HP: 27/27 MP: 1/1
   566 | D:2      | Found a snail-covered altar of Cheibriados.
   625 | D:2      | Reached XP level 3. HP: 17/33 MP: 2/2
   629 | D:2      | Reached skill level 3 in Maces & Flails
  1023 | D:2      | Found a hazy altar of Hepliaklqana.
  1059 | D:2      | Reached XP level 4. HP: 23/40 MP: 3/3
  2176 | D:3      | Found a faded altar of an unknown god.
  2288 | D:3      | Reached skill level 4 in Maces & Flails
  2445 | D:3      | Noticed Robin
  2469 | D:3      | Killed Robin
  2469 | D:3      | Reached XP level 5. HP: 37/47 MP: 4/4
  2660 | D:3      | Found a shattered altar of Ashenzari.
  2782 | D:4      | Noticed Edmund
  2798 | D:4      | Killed Edmund
  2798 | D:4      | Reached skill level 5 in Maces & Flails
  2833 | D:4      | Reached XP level 6. HP: 53/53 MP: 5/5
  2839 | D:4      | Found a sparkling altar of Nemelex Xobeh.
  2877 | D:4      | Found Socwuq's Gadget Shop.
  2907 | D:4      | Reached skill level 6 in Maces & Flails
  2907 | D:4      | Reached skill level 5 in Armour
  3099 | D:4      | Noticed Menkaure
  3102 | D:4      | Killed Menkaure
  3167 | D:4      | Reached skill level 5 in Fighting
  3167 | D:4      | Reached XP level 7. HP: 56/61 MP: 6/6
  3664 | D:5      | Entered Level 5 of the Dungeon
  3674 | D:5      | Reached skill level 7 in Maces & Flails
  3674 | D:5      | Reached skill level 1 in Dodging
  3765 | D:5      | Reached skill level 5 in Shields
  4084 | D:5      | Reached skill level 8 in Maces & Flails
  4140 | D:5      | Found a staircase to the Ecumenical Temple.
  4167 | Temple   | Entered the Ecumenical Temple
  4225 | Temple   | Became a worshipper of Makhleb the Destroyer
  4283 | D:5      | Reached XP level 8. HP: 54/69 MP: 7/7
  4616 | D:6      | Reached skill level 1 in Invocations
  4641 | D:6      | Reached skill level 9 in Maces & Flails
  4697 | D:6      | Reached * piety under Makhleb
  4871 | D:6      | Found an iron altar of Okawaru.
  5201 | D:7      | Noticed a hippogriff
  5219 | D:6      | Reached skill level 10 in Maces & Flails
  5239 | D:7      | Found a shadowy altar of Dithmenos.
  5245 | D:7      | Noticed a hippogriff
  5252 | D:7      | Killed a hippogriff
  5252 | D:7      | Reached XP level 9. HP: 65/75 MP: 9/9
  5289 | D:7      | Reached skill level 11 in Maces & Flails
  5390 | D:7      | Found an opulent altar of Gozag.
  5443 | D:7      | Reached ** piety under Makhleb
  5516 | D:7      | You fall into a shaft and drop 2 floors!
  5526 | D:8      | Found a blossoming altar of Fedhas.
  5576 | D:8      | HP: 2/78 [orc priest/divine providence (10)]
  5761 | D:7      | Found a sand-covered staircase.
  5766 | Ossuary  | Entered an ossuary
  6031 | Ossuary  | Reached *** piety under Makhleb
  6267 | D:7      | Reached XP level 10. HP: 64/86 MP: 10/12
  6574 | D:8      | Reached skill level 12 in Maces & Flails
  6870 | D:8      | Found Yjeamit's Jewellery Shop.
  6916 | D:8      | Found a runed translucent gate.
  6916 | D:8      | Found a runed translucent gate.
  6916 | D:8      | Found a runed translucent gate.
  6918 | D:8      | Found a viscous altar of Jiyva.
  6918 | D:8      | Noticed dipablo's ghost (novice MiFi)
  7369 | D:9      | Reached skill level 1 in Throwing
  7579 | D:9      | Found Waseuwef's Demolitions Depot.
  7739 | D:9      | Found a glowing silver altar of Zin.
  7753 | D:9      | Noticed a two-headed ogre
  7771 | D:9      | Killed a two-headed ogre
  7958 | D:9      | Noticed Gastronok
  7989 | D:9      | Killed Gastronok
  7989 | D:9      | Reached skill level 13 in Maces & Flails
  7989 | D:9      | Reached skill level 5 in Invocations
  7989 | D:9      | Reached XP level 11. HP: 93/93 MP: 13/13
  8182 | D:10     | Entered Level 10 of the Dungeon
  8234 | D:10     | Reached **** piety under Makhleb
  8380 | D:10     | Reached skill level 1 in Stealth
  8669 | D:10     | Found a runed translucent door.
  8684 | D:10     | Noticed spsoon's ghost (journeyman MfIE)
  9258 | D:11     | Found a staircase to the Orcish Mines.
  9311 | D:11     | Reached skill level 1 in Evocations
  9325 | D:11     | Noticed Grum
  9570 | D:11     | Noticed a cyan ugly thing
  9591 | D:11     | Killed a cyan ugly thing
  9600 | D:11     | Found a staircase to the Lair.
  9606 | D:11     | Noticed a two-headed ogre
  9616 | D:11     | Killed a two-headed ogre
  9620 | D:11     | Noticed a tengu warrior
  9633 | D:11     | Killed a tengu warrior
  9633 | D:11     | Reached skill level 5 in Throwing
  9708 | D:11     | Killed an unseen horror
  9708 | D:11     | Reached skill level 14 in Maces & Flails
  9708 | D:11     | Reached skill level 5 in Dodging
  9779 | D:11     | Killed Grum
  9784 | D:11     | Reached ***** piety under Makhleb
 10082 | D:11     | Noticed a two-headed ogre
 10086 | D:11     | Noticed an entropy weaver
 10086 | D:11     | a two-headed ogre changed into an entropy weaver
 10095 | D:11     | Killed an entropy weaver
 10095 | D:11     | Reached XP level 12. HP: 38/103 MP: 15/15
 10925 | D:12     | Reached skill level 10 in Shields
 10985 | D:12     | You fall into a shaft and drop 1 floor!
 11026 | D:13     | Noticed a centaur warrior
 11033 | D:13     | Killed a centaur warrior
 11070 | D:13     | Noticed OceanMan's ghost (journeyman MiFi)
 11508 | D:12     | Found Aczapt's Magic Scroll Emporium.
 11720 | D:12     | Noticed a two-headed ogre
 11728 | D:12     | Killed a two-headed ogre
 11989 | D:13     | Noticed a seven-headed hydra
 12000 | D:13     | Killed a seven-headed hydra
 12042 | D:13     | Noticed a centaur warrior
 12061 | D:13     | HP: 3/105 [centaur/arrow[a centaur warrior] (2)]
 12067 | D:13     | HP: 3/105 [centaur/puff of flame[a centaur warrior] (2)]
 12616 | D:8      | Killed dipablo's ghost
 12616 | D:8      | Reached skill level 10 in Armour
 12750 | Lair:1   | Entered Level 1 of the Lair of Beasts
 12796 | Orc:1    | Entered Level 1 of the Orcish Mines
 12796 | Orc:1    | Found a runed translucent gate.
 12796 | Orc:1    | Found a runed translucent gate.
 12796 | Orc:1    | Noticed a tengu warrior
 12798 | Orc:1    | Noticed a stone giant
 12803 | Orc:1    | Noticed edsrzf's ghost (journeyman OgCj)
 12803 | Orc:1    | Noticed a merfolk javelineer
 12804 | Orc:1    | Noticed a centaur warrior
 12806 | Orc:1    | Identified the cursed +0 robe of Ineurire {rElec MR+++
                  | Str+6 Stlth-}
 12806 | Orc:1    | Noticed a merfolk impaler
 12980 | Orc:1    | Found a runed translucent gate.
 13221 | Orc:1    | Found a bloodstained altar of Trog.
 13345 | Orc:2    | Entered Level 2 of the Orcish Mines
 13345 | Orc:2    | Found Amonlury's Assorted Antiques.
 13400 | Orc:1    | Found an iron altar of Okawaru.
 13503 | Orc:1    | Reached XP level 13. HP: 99/112 MP: 14/17
 13555 | Orc:2    | Bought a transparent demon whip for 700 gold pieces
 13555 | Orc:2    | Identified the +0 demon whip "Qotsue" {slash, +Inv Dex+3}
                  | (You bought it in a shop on level 2 of the Orcish Mines)
 13667 | Orc:2    | Found Wotoj's Magic Scroll Boutique.
 13689 | Orc:2    | Noticed a stone giant
 13708 | Orc:2    | Killed a stone giant
 13813 | Orc:2    | Found a roughly hewn altar of Beogh.
 13887 | Orc:2    | Found a roughly hewn altar of Beogh.
 13897 | Orc:2    | Reached skill level 10 in Fighting
 13917 | Orc:2    | Found Ekluyl's Weapon Shop.
 14021 | Orc:2    | Paralysed by an orc sorcerer for 5 turns
 14023 | Orc:2    | HP: 5/113 [orange demon[an orc warlord] (3)]
 14025 | Orc:2    | Slain by an orc warrior

Levels and vault maps discovered:
D:1:      lightli_arrival_maybe_door_vault, layout_rooms,
          hangedman_abyss_or_decor_lesser_grid
D:2:      layout_basic, old_standard_altar, cheibriados_altar_1, first_ration,
          kennysheep_boxes
D:3:      layout_loops_ring, nicolae_overflow_hidden_temple, marbit_many_paths,
          chequers_ecumenical_altar_grove, uniq_robin
D:4:      layout_loops_cross, serial_shops, shop_statue,
          nemelex_lonely_heart_becter, uniq_edmund, uniq_menkaure
D:5:      layout_gridville, minmay_temple_entry_offerings
D:6:      layout_gridville, lemuel_crystal_altar, serial_glass, glass_columns_b,
          glass_columns_c, glass_columns_a, glass_columns_a, glass_columns_a,
          glass_columns_b, glass_columns_a, glass_columns_c
D:7:      layout_cave_pools, lemuel_crystal_altar,
          nicolae_dithmenos_through_a_glass_darkly, nicolae_ossuary_entry_giza,
          minmay_crystal_water, the_bakery
D:8:      layout_basic, nicolae_overflow_crystal_walls, gammafunk_ghost_ooze,
          serial_shops, kennysheep_little_box, minmay_mini_ossuary
D:9:      layout_gridville, zin_statuary, nicolae_blasting_shop,
          kennysheep_generic_room_12, uniq_gastronok
D:10:     layout_irregular_city, ebering_ghost_inner_flame
D:11:     layout_grid_maze, due_lair_maze_entry_diamond,
          minmay_fractal_squares_diagonal_5, uniq_grum
D:12:     minmay_recursive_quarters, layout_basic, serial_shops, shop
D:13:     layout_small_grid, david_vaults_5, hellmonk_ghost_happy_afterlife
Temple:   cyrus_circular_temple
Lair:1:   layout_gridlike, special_room [special_room_bee]
Orc:1:    layout_caves, gammafunk_ghost_fury_of_okawaru, trog_hazing_becter
Orc:2:    grunt_orc_community_town_hall, layout_caves,
          grunt_orc_community_big_house_1, grunt_orc_community_big_house_1,
          grunt_orc_community_house_2, grunt_orc_community_house_1,
          grunt_orc_community_house_1, grunt_orc_community_house_1,
          grunt_orc_community_house_3, basic_altar, serial_shops, shop, shop

Skill      XL: |  1  2  3  4  5  6  7  8  9 10 11 12 13 |
---------------+----------------------------------------+-----
Armour         | 4 5 6 7 8 9 10 | 10.3
Shields        | 4 5 6 7 8 9 11 | 11.5
Fighting       | 4 5 6 7 8 9 10 | 10.0
Maces & Flails | 3 4 5 6 8 10 11 13 14 | 14.0
Dodging        | 1 2 3 4 5 6 7 |  7.0
Invocations    | 2 4 5 6 7 |  7.0
Throwing       | 3 5 6 |  6.8
Stealth        | 1 |  1.1
Evocations     | 2 4 |  4.0

Action                   |  1- 3 |  4- 6 |  7- 9 | 10-12 | 13-15 || total
-------------------------+-------+-------+-------+-------+-------++-------
Melee: Flail             |    92 |   122 |   412 |   672 |     8 ||  1306
       Headbutt          |    13 |    18 |    75 |   201 |    34 ||   341
       Demon whip        |       |       |       |       |    85 ||    85
Throw: Boomerang         |       |       |       |    72 |    60 ||   132
Invok: Lesser Servant of |       |       |       |    17 |     2 ||    19
       Major Destruction |       |       |       |     1 |       ||     1
Evoke: Wand              |       |       |       |     2 |     2 ||     4
  Use: Scroll            |     1 |       |     7 |    11 |     1 ||    20
       Potion            |       |     1 |     9 |     1 |       ||    11
 Stab: Distracted        |       |       |       |     3 |       ||     3
  Eat: Chunk             |     1 |     3 |     6 |    20 |     1 ||    31
       Ration            |       |     1 |     3 |     1 |       ||     5
Armor: Scale mail        |    35 |    46 |   144 |   200 |       ||   425
       Skin              |       |       |    51 |       |       ||    51
       Plate armour      |       |       |       |    10 |    48 ||    58
Dodge: Dodged            |    27 |    42 |   148 |   254 |    39 ||   510
Block: Shield            |    44 |    47 |   252 |   456 |    72 ||   871
